 Dungeon Crawl Stone Soup version 0.20-a0-909-g1a4ba80 (webtiles) character file.

53 FrankyJ the Charmwright (level 3, 0/27 HPs)
             Began as a Merfolk Skald on Mar 22, 2017.
             Slain by a worm (8 damage)
             ... on level 2 of the Dungeon.
             The game lasted 00:05:36 (1504 turns).

FrankyJ the Charmwright (Merfolk Skald)             Turns: 1504, Time: 00:05:37

Health: 0/27       AC:  3    Str: 11    XL:     3   Next: 87%
Magic:  1/7        EV: 12    Int: 13    God:
Gold:   15         SH:  0    Dex: 13    Spells: 1/7 levels left

rFire    . . .     SeeInvis .   a - +0 spear
rCold    . . .     Gourm    .   b - +0 leather armour
rNeg     . . .     Faith    .   (no shield)
rPois    .         Spirit   .   (no helmet)
rElec    .         Reflect  .   (no cloak)
rCorr    .         Harm     .   (no gloves)
MR       .....                  (no boots)
Stlth    +.........             (no amulet)
Regen    0.1/turn               (no ring)
MPRegen  0.1/turn               (no ring)

@: very slightly contaminated
A: change form in water, swift swim, stealthy swim
a: no special abilities


You were on level 2 of the Dungeon.
You were very hungry.

You visited 1 branch of the dungeon, and saw 2 of its levels.

You collected 15 gold pieces.

Inventory:

Hand Weapons
 a - a +0 spear (weapon)
Missiles
 m - 2 javelins (quivered)
Armour
 b - a +0 leather armour (worn)
 j - a +0 ring mail
 l - a +0 buckler
Scrolls
 e - a scroll of enchant weapon {unknown}
 g - a scroll of remove curse {unknown}
 i - 2 scrolls of identify {unknown}
Potions
 n - a potion of haste {unknown}
Books
 c - a book of Battle

   Spells                             Type                      Level
   a - Infusion                       Charms                       1
   b - Shroud of Golubria             Charms/Translocation         2
   c - Song of Slaying                Charms                       2
   d - Spectral Weapon                Hexes/Charms                 3
   e - Regeneration                   Charms/Necromancy            3
Comestibles
 d - 2 bread rations


   Skills:
 - Level 2.1 Fighting
 - Level 3.0 Polearms
 + Level 1.5 Armour
 - Level 3.1 Dodging
 + Level 2.7 Spellcasting
 + Level 3.6 Charms


You had one spell level left.
You knew the following spells:

 Your Spells              Type           Power        Failure   Level  Hunger
a - Infusion              Chrm           ##..         10%         1    #......
b - Spectral Weapon       Hex/Chrm       #.......     43%         3    ###....
c - Shroud of Golubria    Chrm/Tloc      #.........   21%         2    ###....


Dungeon Overview and Level Annotations

Branches:
Dungeon (2/15)

Altars:
Dithmenos


Message History

You hit the worm.
The worm is almost dead.
The worm bites you.
You hit the worm.
The worm is almost dead.
You hit the worm.
The worm is almost dead.
The worm bites you.
You hit the worm but do no damage.
The worm is almost dead.
You barely miss the worm.
The worm is almost dead.
The worm bites you.
* * * LOW HITPOINT WARNING * * *
You hit the worm but do no damage.
The worm is almost dead.
You hit the worm.
The worm is almost dead.
The worm bites you!
You die...

#... ##+## #... #...# #...
#...# #... .##### #...# #...
......##### #...#### #...
..........# #......# #...
..........####......# #...
.$.........w@'......# ###.
).........####......## #.
..........####.......#######.
###.......'.##.#.............
#.##....#.##.#....#########
#. #....#.##.#.......# # #
######.##.###.###.######
#.....##.# #......'
########.##########


You could see a worm.

Vanquished Creatures
  An adder (D:2)
  3 dart slugs
  4 bats
  4 giant cockroaches
  8 goblins (D:1)
  4 hobgoblins (D:1)
  4 jackals (D:1)
  A frilled lizard (D:1)
  4 rats
33 creatures vanquished.

Notes
Turn   | Place    | Note
-------+----------+-------------------------------------------
     0 | D:1      | FrankyJ the Merfolk Skald began the quest for the Orb.
     0 | D:1      | Reached XP level 1. HP: 16/16 MP: 3/3
   197 | D:1      | Reached skill level 1 in Armour
   197 | D:1      | Reached XP level 2. HP: 18/22 MP: 5/5
   470 | D:1      | Reached XP level 3. HP: 27/27 MP: 6/6
  1360 | D:2      | Learned a level 3 spell: Spectral Weapon
  1367 | D:2      | Learned a level 2 spell: Shroud of Golubria
  1423 | D:2      | Found a shadowy altar of Dithmenos.
  1504 | D:2      | Slain by a worm

Vault maps used:
D:1:      lightli_arrival_statue_moat, serial_park_tiny_1, serial_park_tiny_2
D:2:      nicolae_dithmenos_through_a_glass_darkly

Skill      XL: |  1  2 |
---------------+-------+-----
Armour         | 1 |  1.5
Dodging        | 3 |  3.1
Fighting       | |  2.1
Polearms       | |  3.0
Spellcasting   | |  2.7
Charms         | |  3.6

Action                   || total
-------------------------++-------
Melee: Spear             ||   167
 Cast: Infusion          ||     7
  Use: Potion            ||     2
  Eat: Chunk             ||     1
Armor: Leather armour    ||    42
Dodge: Dodged            ||   104
